Map: Kairos Junction LE

Players

Kelazhur

  • Race: Terran Terran
  • Spawn Location: 5:00

Clem - Winner!

  • Race: Terran Terran
  • Spawn Location: 11:00

Event: 2019 WCS Spring

VOD

Have the link to the VOD?

Description

Time

  • Played on: May 17, 2019, 3:35 p.m.
  • Length: 13:03

All games in this series

Show
View Real Time Build Order
Export as new Build Order

Kelazhur Terran 

Build Orders: 1/1/1 

Get SALT Encoding   

  12  0:00  SCV  
  13  0:12  SCV  
  14  0:17  Supply Depot  
  14  0:24  SCV  
  14  0:27  Refinery  
  15  0:38  SCV  
  16  0:44  Barracks  
  16  0:50  SCV  
  16  0:54  Refinery  
  17  1:02  SCV  
  18  1:14  SCV  
  19  1:31  Orbital Command  
  19  1:33  Factory  
  19  1:34  Barracks Reactor  
  19  1:43  Supply Depot  
  19  1:56  SCV  
  20  2:08  SCV  
  20  2:11  Reaper x2  
  23  2:16  Starport  
  23  2:19  Hellion  
  25  2:23  SCV  
  25  2:27  Supply Depot  
  26  2:35  SCV  
  27  2:40  Hellion  
  27  2:43  Reaper x2  
  32  2:52  Medivac  
  32  2:57  Supply Depot  
  34  3:01  Hellion  
  34  3:02  SCV  
  36  3:14  SCV  
  36  3:15  Reaper x2  
  39  3:23  Hellion  
  39  3:25  Viking  
  43  3:35  Supply Depot  
  43  3:47  Reaper, Factory Tech Lab  
  43  3:48  Reaper  
  38  4:21  SCV  
  34  4:24  Cyclone, Marine x2  
  34  4:25  Starport Tech Lab  
  34  4:30  Command Center  
  38  4:34  SCV  
  35  4:43  Marine x2  
  37  4:46  SCV, Raven  
  37  4:51  Refinery  
  40  5:00  SCV  
  40  5:03  Marine x2  
  40  5:05  Siege Tank  
  46  5:13  SCV  
  47  5:21  Marine x2  
  47  5:25  SCV  
  50  5:37  SCV, Siege Tank  
  50  5:42  Orbital Command  
  54  5:44  Viking  
  56  5:50  Viking  
  56  5:53  SCV  
  56  5:57  Marine  
  60  6:04  Stimpack  
  60  6:05  SCV, Command Center  
  60  6:09  SCV  
  62  6:16  Viking  
  62  6:17  SCV  
  65  6:20  Viking  
  65  6:22  SCV  
  65  6:24  Supply Depot  
  68  6:29  SCV  
  69  6:34  SCV  
  70  6:46  SCV x2  
  73  6:48  Refinery  
  73  6:49  Siege Tank  
  73  6:51  Supply Depot  
  73  6:53  Viking  
  77  6:58  SCV  
  78  7:05  Supply Depot  
  78  7:07  Supply Depot  
  78  7:12  Viking, SCV x2, Marine  
  83  7:18  Orbital Command  
  83  7:23  Siege Tank  
  83  7:26  Viking  
  83  7:27  SCV  
  89  7:33  Marine  
  90  7:46  Barracks x2  
  90  7:47  Viking  
  90  7:49  SCV x2  
  90  7:51  Orbital Command  
  94  7:54  Engineering Bay x2  
  94  8:01  SCV  
  94  8:02  Viking, Siege Tank  
  98  8:06  SCV  
  98  8:08  Marine  
  98  8:09  Combat Shield  
  100  8:18  SCV  
  101  8:25  Marine  
  102  8:29  SCV x2  
  102  8:31  Terran Infantry Weapons Level 1, Terran Infantry Armor Level 1  
  102  8:34  Barracks, Barracks Reactor x2  
  104  8:35  SCV  
  104  8:36  Barracks  
  104  8:41  SCV x2  
  106  8:47  SCV  
  105  8:50  Siege Tank  
  105  8:53  SCV  
  105  8:54  Viking x2  
  113  9:02  SCV x2, Refinery  
  115  9:03  Sensor Tower  
  115  9:04  Refinery  
  115  9:05  SCV  
  115  9:06  Supply Depot  
  116  9:13  Supply Depot  
  116  9:14  SCV  
  116  9:19  SCV  
  113  9:24  Viking x2  
  113  9:28  SCV x2, Siege Tank, Supply Depot  
  120  9:35  Marine x5  
  111  9:43  Barracks Reactor x2  
  105  9:49  Sensor Tower  
  103  9:53  Marine x3  
  103  9:55  Viking  
  103  9:58  Marine  
  100  10:00  Siege Tank  
  100  10:04  Marine  
  99  10:11  Marine x2  
  101  10:14  Viking  
  101  10:16  Command Center  
  103  10:32  Marine  
  103  10:33  Marine x6  
  103  10:34  Marine  
  103  10:35  Siege Tank  
  109  10:47  Command Center  
  109  10:49  Marine  
  105  10:58  Medivac x2  
  105  10:59  Marine x7  
  114  11:08  Marine  
  114  11:09  Orbital Command, Marine  
  114  11:11  Armory  
  114  11:16  Marine  
  114  11:17  Marine x4  
  111  11:22  Siege Tank  
  114  11:28  Medivac x2  
  114  11:30  Marine  
  118  11:35  Marine x4  
  118  11:36  Marine  
  118  11:38  Marine  
  124  11:47  Sensor Tower  
  112  11:57  Marine x4  
  112  11:58  Marine x5  
  112  12:00  Viking  
  102  12:09  Siege Tank  
  102  12:15  Marine x2  
  101  12:21  Marine  
  99  12:29  Medivac  
  101  12:30  Medivac  
  101  12:32  Marine x2  
  104  12:38  Refinery  
  104  12:39  Refinery  
Show
View Real Time Build Order
Export as new Build Order

Clem Terran - Winner!

Build Orders:  

Get SALT Encoding   

  12  0:00  SCV  
  13  0:12  SCV  
  14  0:16  Supply Depot  
  14  0:24  SCV  
  14  0:27  Refinery  
  15  0:38  SCV  
  16  0:44  Barracks  
  16  0:50  SCV  
  16  0:55  Refinery  
  17  1:02  SCV  
  18  1:14  SCV  
  19  1:31  Orbital Command  
  19  1:33  Factory  
  19  1:34  Reaper  
  20  1:44  Supply Depot  
  20  1:57  SCV  
  21  2:06  Reaper  
  22  2:09  SCV  
  23  2:18  Hellion  
  25  2:26  Command Center  
  25  2:28  SCV  
  26  2:36  Starport  
  26  2:39  Barracks Tech Lab  
  26  2:45  Hellion  
  26  2:48  SCV  
  29  2:53  Supply Depot  
  29  3:01  SCV  
  30  3:06  Barracks Tech Lab  
  30  3:14  Cyclone  
  30  3:15  SCV  
  30  3:18  Refinery  
  34  3:29  SCV  
  34  3:30  Raven  
  37  3:38  Orbital Command  
  37  3:41  SCV  
  37  3:46  Cyclone  
  41  3:50  Marine  
  41  3:53  SCV  
  34  4:05  SCV x2  
  34  4:08  Marine  
  32  4:17  SCV x2  
  33  4:26  Marine  
  33  4:27  Raven  
  33  4:29  SCV  
  36  4:33  SCV  
  37  4:42  SCV  
  38  4:47  SCV  
  38  4:48  Barracks Reactor  
  39  4:54  SCV  
  39  4:55  Siege Tank  
  43  5:01  SCV  
  43  5:06  SCV  
  45  5:07  Supply Depot  
  45  5:13  SCV  
  46  5:18  SCV  
  47  5:25  SCV  
  47  5:27  Siege Tank  
  47  5:28  Supply Depot  
  51  5:31  Viking  
  51  5:33  Viking  
  51  5:34  SCV  
  56  5:37  SCV  
  57  5:42  Supply Depot  
  57  5:43  Marine  
  57  5:47  SCV  
  57  5:49  SCV  
  60  5:53  Supply Depot  
  60  5:59  Siege Tank  
  63  6:07  Command Center  
  63  6:10  SCV  
  64  6:14  Viking  
  66  6:20  Viking  
  66  6:24  Stimpack  
  68  6:26  SCV, Marine  
  68  6:29  SCV  
  71  6:35  Supply Depot  
  71  6:37  Siege Tank  
  74  6:41  SCV x2  
  74  6:43  Supply Depot  
  76  6:47  Engineering Bay  
  76  6:50  Viking  
  76  6:53  Viking  
  80  6:59  Engineering Bay  
  80  7:01  SCV x2  
  80  7:03  Marine  
  80  7:07  Refinery  
  83  7:11  Siege Tank  
  83  7:13  SCV  
  87  7:16  SCV  
  87  7:21  Orbital Command  
  88  7:24  Viking  
  88  7:27  Viking  
  88  7:28  Marine  
  93  7:30  SCV x2, Supply Depot  
  95  7:41  Barracks  
  95  7:43  Barracks  
  95  7:47  Siege Tank  
  95  7:50  Terran Infantry Weapons Level 1  
  97  7:51  Marine  
  97  7:52  Orbital Command  
  97  7:53  SCV  
  97  7:54  SCV  
  100  7:59  Supply Depot  
  100  8:05  SCV  
  100  8:08  Supply Depot  
  100  8:12  Viking, Barracks  
  101  8:14  Barracks  
  101  8:15  Viking  
  101  8:17  Marine  
  104  8:21  Siege Tank  
  104  8:24  SCV x2  
  104  8:25  SCV  
  109  8:30  Supply Depot  
  109  8:32  Marine, Barracks Reactor  
  110  8:34  Terran Infantry Armor Level 1  
  110  8:38  Combat Shield  
  110  8:40  SCV x2  
  112  8:41  Refinery  
  112  8:43  Refinery  
  112  8:45  Viking  
  114  8:50  SCV  
  114  8:52  Viking  
  114  8:55  SCV, Marine  
  119  8:56  SCV  
  121  9:04  SCV  
  121  9:05  Barracks Reactor x2  
  121  9:08  SCV x2  
  121  9:09  Marine x2  
  125  9:12  Barracks Reactor  
  125  9:13  Marine  
  125  9:14  Siege Tank  
  128  9:17  SCV  
  123  9:26  Viking x2  
  123  9:29  SCV, Marine  
  123  9:30  SCV  
  130  9:33  SCV  
  130  9:35  Marine  
  130  9:37  Marine  
  116  9:41  SCV  
  116  9:43  Factory  
  116  9:44  Armory  
  115  9:46  Marine x4  
  115  9:47  Marine  
  115  9:49  SCV  
  119  9:53  Marine  
  119  9:54  SCV x2  
  119  9:56  Viking  
  85  10:00  Viking, Siege Tank, Marine  
  122  10:01  SCV, Marine  
  122  10:03  Marine  
  122  10:07  Marine x3  
  129  10:08  Marine x2  
  134  10:20  Supply Depot  
  134  10:22  Command Center  
  134  10:34  Medivac x2, Siege Tank  
  138  10:36  Marine x2  
  138  10:38  Terran Infantry Weapons Level 2  
  140  10:43  Terran Infantry Armor Level 2  
  140  10:47  Terran Vehicle Weapons Level 1  
  140  10:48  Marine  
  140  10:49  Marine, Factory Tech Lab  
  139  10:50  Marine  
  139  10:51  Marine  
  139  10:56  Supply Depot  
  141  11:00  Sensor Tower  
  141  11:03  Marine x2  
  143  11:04  Missile Turret, Marine  
  143  11:06  Siege Tank  
  143  11:07  Medivac  
  143  11:08  Marine  
  150  11:12  Marine  
  150  11:18  Marine x4  
  152  11:21  Supply Depot, Siege Tank, Marine  
  152  11:24  Medivac  
  161  11:29  Marine  
  161  11:35  Planetary Fortress  
  161  11:37  Medivac  
  161  11:38  Marine, Widow Mine  
  161  11:39  Marine  
  167  11:40  Sensor Tower  
  167  11:41  Marine  
  167  11:45  Supply Depot  
  168  11:52  Marine  
  143  11:54  Siege Tank  
  143  11:57  Marine x2  
  143  11:58  Marine  
  143  12:00  Marine x2  
  143  12:01  Marine x3  
  142  12:06  Siege Tank  
  145  12:09  Medivac  
  145  12:10  Medivac, Marine  
  145  12:15  Marine x2  
  141  12:20  Marine x3  
  133  12:23  Marine x3  
  133  12:28  Marine  
  137  12:30  Siege Tank  
  137  12:32  Marine  
  137  12:33  Marine  
  137  12:35  Barracks  
  137  12:36  Barracks  
  142  12:39  Marine x3  
Tags
 
Add a new tag
Caveats
  • Supply blocks, unpowered buildings, or Contaminate may cause inaccurate times.
  • Supply counts are checked every 10 seconds.